 Dungeon Crawl Stone Soup version 0.31-a0-89-g637a80eef8 (webtiles) character file.

Game seed: 13957871688175024947

5408 Kenran the Martial Artist (level 10, -5/74 HPs)
             Began as a Vampire Fighter on May 25, 2023.
             Was a Follower of Nemelex Xobeh.
             Slain by a yak (9 damage)
             ... on level 8 of the Dungeon.
             The game lasted 00:14:21 (7146 turns).

Kenran the Martial Artist (Vampire Fighter)         Turns: 7146, Time: 00:14:21

Health: -5/74      AC:  1    Str: 23    XL:     10   Next: 40%
Magic:  10/10      EV: 10    Int: 10    God:    Nemelex Xobeh [*.....]
Gold:   487        SH:  5    Dex: 17    Spells: 9/9 levels left

rFire   . .          .
                       - Unarmed
rCold   . . .        b - +0 buckler
rNeg    . . .        E - +0 chain mail
rPois   .            (no helmet)
rElec   .            C - +0 cloak
rCorr   .            (no gloves)
SInv    +            (no boots)
Will    +....        e - amulet of regeneration Stlth
                     h - +6 ring of strength
HPRegen 1.32/turn    m - +4 ring of slaying
MPRegen 0.12/turn

%: no passive effects
@: corroded, healing quickly
A: alive, fangs 3, see invisible, vampiric 2
a: Exsanguinate, Renounce Religion, Draw Escape, Draw Destruction, Draw
Summoning


You were on level 8 of the Dungeon.
You worshipped Nemelex Xobeh.
Nemelex Xobeh was aware of your devotion.
You visited 2 branches of the dungeon, and saw 10 of its levels.
You also visited: Sewer.

You collected 487 gold pieces.

Inventory:

Missiles
 H - a throwing net (quivered)
Armour
 b - a +0 buckler (worn)
 C - a +0 cloak (worn)
 E - a +0 chain mail (worn)
Jewellery
 e - an amulet of regeneration (around neck)
 h - a +6 ring of strength (left hand)
 m - a +4 ring of slaying (right hand)
 A - a ring of protection from cold
 F - a ring of protection from fire
Wands
 n - a wand of polymorph (10)
 w - a wand of mindburst (7)
 B - a wand of flame (16)
 D - a wand of digging (1)
Scrolls
 c - 3 scrolls of teleportation
 k - a scroll of fear
 l - a scroll of magic mapping {unknown}
 o - a scroll of vulnerability {unknown}
 p - 2 scrolls of blinking {unknown}
 r - a scroll of silence {unknown}
 t - a scroll of summoning {unknown}
 u - 2 scrolls of poison {unknown}
 x - 2 scrolls of torment {unknown}
 y - a scroll of fog {unknown}
Potions
 f - a potion of degeneration {unknown}
 g - 2 potions of mutation {unknown}
 i - a potion of brilliance {unknown}
 j - a potion of cancellation {unknown}
 q - a potion of lignification {unknown}
 s - a potion of curing {@q1}
 v - a potion of attraction {unknown}
 z - 3 potions of enlightenment
 G - a potion of invisibility {unknown}
 I - a potion of magic {unknown}


   Skills:
 - Level 5.0 Fighting
 - Level 2.4 Armour
 - Level 5.0 Dodging
 - Level 4.0 Shields
 + Level 14.9 Unarmed Combat


You had 9 spell levels left.
You didn't know any spells.
Your spell library contained the following spells:

 Spells                   Type           Power      Damage    Failure   Level
 Dazzling Flash           Conj/Hex       0%         N/A       100%        3
 Agony                    Necr           0%         N/A       100%        5
 Silence                  Hex/Air        0%         N/A       100%        5
 Summon Forest            Summ/Tloc      0%         N/A       100%        5
 Eringya's Noxious Bog    Tmut/Pois      0%         N/A       100%        6
 Summon Hydra             Summ           0%         N/A       100%        7


Dungeon Overview and Level Annotations

Branches:
Dungeon (9/15)             Temple (1/1) D:6           Sewer (visited)
   Lair: D:8-11         Orc: D:9-12

Altars:
Dithmenos
Makhleb
Nemelex Xobeh
Qazlal
Vehumet

Annotations:
D:6 exclusion: upstairs


Innate Abilities, Weirdness & Mutations

Your natural rate of healing is accelerated.
You have razor-sharp teeth.
You have supernaturally acute eyesight. (SInv)
You are afflicted with vampirism and can become a bat while bloodless.


Message History

The splash of acid hits you!! The yak gores you.
You climb upwards.
There is a stone staircase leading down here.
You hit the acid dragon.
The acid dragon is moderately wounded.
You hit the acid dragon. You bite the acid dragon.
The acid dragon is heavily wounded.
The acid dragon bites you.
The acid dragon claws you but does no damage.
You block the yak's attack.
You punch the acid dragon!
The acid dragon is severely wounded.
The acid dragon spits acid at you. The splash of acid hits you!!
The acid corrodes you! The yak gores you but does no damage.
You hit the acid dragon but do no damage.
The acid dragon is severely wounded.
The acid dragon barely misses you.
The acid dragon claws you but does no damage.
You block the yak's attack.
You closely miss the acid dragon.
The acid dragon is severely wounded.
You closely miss the acid dragon.
The acid dragon is severely wounded.
You block the acid dragon's attack. The acid dragon claws you.
The yak gores you.
You barely miss the acid dragon. Your bite misses the acid dragon.
The acid dragon is severely wounded.
The acid dragon spits acid at you. The splash of acid hits you!!
* * * LOW HITPOINT WARNING * * *
The acid corrodes you! The yak gores you.
* * * LOW HITPOINT WARNING * * *
You hit the acid dragon but do no damage.
The acid dragon is severely wounded.
The acid dragon barely misses you. The acid dragon claws you.
* * * LOW HITPOINT WARNING * * *
The yak gores you!
You die...
Your body disappears without a glow.

.......#....#.....#### #...#.....
.....######'##.......###...#.....
.....#.......+....[..#.....#.....
.....#.......#.......#.....#.....
.....#.......#.......#.....#.....
.....'.......#.......#.....#.....
.....#.......#......(#.....#.....
.....#...##..#.D.....#.....#.....
...###...##..###@....#'#####.....
...#...........#.Y...............
...#...........)....(............
...#...#'''#...#..............)..
...##..#...#..##.....[...........
....#..#...#..#######............
....#..#...#........#)...........
....#..#...#........##)#####.....
....#..#...#...............#.....


You could see a yak and an acid dragon (catching breath).

Vanquished Creatures
  Amaemon (D:8)
  Pikel (D:5)
  An orange demon (D:8)
  Prince Ribbit (D:7)
  Sigmund (D:2)
  2 wyverns (D:8)
  A wraith (D:7)
  2 steam dragons (D:8)
  Grum (D:8)
  Menkaure (D:5)
  A water moccasin (D:6)
  Duvessa (D:7)
  A black bear (D:7)
  A sky beast (D:6)
  An ogre (D:5)
  An orc warrior (D:6)
  A centaur (D:8)
  3 wolves (D:7)
  4 lemures (D:5)
  A kobold brigand (Sewer)
  A bullfrog (D:6)
  A gnoll sergeant (D:8)
  3 scorpions
  Dowan (D:7)
  8 killer bees
  3 howler monkeys
  2 gnoll boudas
  7 hounds
  A jelly (D:6)
  3 orc priests
  Crazy Yiuf (D:5)
  5 iguanas
  2 sleepcaps
  Ijyb (D:5)
  5 orc wizards
  15 gnolls
  4 adders
  An ufetubus (D:4)
  2 worms (D:2)
  4 dart slugs
  19 orcs
  4 endoplasms
  10 giant cockroaches
  4 goblins
  4 hobgoblins
  A jackal (Sewer)
  3 quokkas
  7 ball pythons
  10 bats
  3 frilled lizards
  9 kobolds
  8 rats
179 creatures vanquished.

Notes
Turn   | Place    | Note
-------+----------+-------------------------------------------
     0 | D:1      | Kenran the Vampire Fighter began the quest for the Orb.
     0 | D:1      | Reached XP level 1. HP: 17/17 MP: 1/1
   208 | D:1      | Reached skill level 3 in Unarmed Combat
   228 | D:1      | Reached XP level 2. HP: 17/23 MP: 2/2
   661 | D:1      | Found a faded altar of an unknown god.
   751 | D:2      | Noticed Sigmund
  1287 | D:2      | Gained mutation: You are afflicted with vampirism and can
                  | become a bat while bloodless. [Vampire growth]
  1287 | D:2      | Reached XP level 3. HP: 28/28 MP: 3/3
  1325 | D:2      | Reached skill level 4 in Unarmed Combat
  1365 | D:2      | Killed Sigmund
  1366 | D:2      | Reached skill level 6 in Unarmed Combat
  1366 | D:2      | Reached XP level 4. HP: 24/34 MP: 4/4
  1366 | D:2      | Reached XP level 5. HP: 27/39 MP: 5/5
  1788 | D:3      | Found a shadowy altar of Dithmenos.
  2342 | D:4      | Reached skill level 7 in Unarmed Combat
  2342 | D:4      | Reached XP level 6. HP: 28/46 MP: 6/6
  2675 | D:4      | Found a radiant altar of Vehumet.
  2729 | D:5      | Entered Level 5 of the Dungeon
  2789 | D:5      | Noticed Pikel
  3075 | D:5      | Reached skill level 8 in Unarmed Combat
  3194 | D:5      | Reached XP level 7. HP: 51/51 MP: 7/7
  3407 | D:5      | Found a runed translucent door.
  3408 | D:5      | Noticed Crazy Yiuf
  3640 | D:5      | Noticed Menkaure
  3655 | D:5      | Killed Menkaure
  3656 | D:5      | Reached skill level 9 in Unarmed Combat
  3662 | D:5      | Noticed Ijyb
  3859 | D:6      | Reached skill level 10 in Unarmed Combat
  3861 | D:6      | You fall into a shaft and drop 1 floor!
  3899 | D:7      | Reached XP level 8. HP: 14/59 MP: 8/8
  3943 | D:7      | Reached skill level 5 in Fighting
  3948 | D:7      | HP: 1/62 [orc wizard/magic dart (3)]
  4083 | D:7      | Reached skill level 1 in Dodging
  4113 | D:7      | Noticed Duvessa
  4113 | D:7      | Noticed Dowan
  4138 | D:7      | Killed Duvessa
  4146 | D:6      | Identified the +0 leather armour of Absolutism {rPois
                  | rCorr}
  4262 | D:6      | Reached skill level 5 in Dodging
  4314 | D:6      | Found a glowing drain.
  4331 | Sewer    | Entered a sewer
  4864 | D:5      | Killed Pikel
  4865 | D:5      | Reached XP level 9. HP: 38/68 MP: 9/9
  5039 | D:5      | Reached skill level 11 in Unarmed Combat
  5084 | D:5      | Killed Ijyb
  5222 | D:5      | Killed Crazy Yiuf
  5401 | D:6      | Found a staircase to the Ecumenical Temple.
  5413 | Temple   | Entered the Ecumenical Temple
  5458 | Temple   | Became a worshipper of Nemelex Xobeh the Trickster
  5629 | D:7      | Noticed Prince Ribbit
  5653 | D:7      | Killed Prince Ribbit
  5740 | D:7      | Reached skill level 12 in Unarmed Combat
  5764 | D:7      | Noticed Maggie
  5770 | D:7      | Maggie changed into Maggie the scorpion
  5770 | D:7      | Noticed Maggie
  5772 | D:7      | Killed Maggie the scorpion
  6019 | D:7      | Killed Dowan
  6111 | D:8      | Noticed Grum
  6176 | D:8      | Killed Grum
  6177 | D:8      | Reached skill level 13 in Unarmed Combat
  6383 | D:8      | Reached * piety under Nemelex Xobeh
  6387 | D:8      | Received a gift from Nemelex Xobeh
  6433 | D:8      | Reached XP level 10. HP: 71/74 MP: 10/10
  6752 | D:8      | Reached skill level 14 in Unarmed Combat
  6807 | D:8      | Noticed an orange demon
  6810 | D:8      | Noticed Amaemon
  6859 | D:8      | Killed Amaemon
  6952 | D:8      | Killed an orange demon
  7136 | D:9      | Noticed a two-headed ogre
  7146 | D:8      | Slain by a yak

Illustrated notes

Levels and vault maps discovered:
D:1:      lightli_arrival_quake, layout_loops_ring,
          shapermc_ecumenical_altar_hornbeckon
D:2:      layout_basic, uniq_sigmund
D:3:      layout_basic, amcnicky_altar_gilded, minmay_misc_feat_x
D:4:      layout_rooms, mainiacjoe_overflow_alcove_2, mrwooster_statue_mirror,
          kennysheep_path_1
D:5:      layout_basic, minivault_1, uniq_menkaure, uniq_ijyb, uniq_pikel,
          uniq_crazy_yiuf_cottage
D:6:      layout_cave_pools, minmay_temple_entry_proselytizer,
          gup_sewer_entry_pipe
D:7:      layout_basic, hex_large, uniq_prince_ribbit1, uniq_duvessa,
          uniq_maggie
D:8:      layout_gridville, kennysheep_cross_bottleneck, uniq_amaemon, uniq_grum
D:9:      layout_rooms, nicolae_overflow_squiral, ebering_ghost_xom
Temple:   mainiacjoe_temple_bowtie_tessellation

Skill      XL: |  1  2  3  4  5  6  7  8  9 10 |
---------------+-------------------------------+-----
Unarmed Combat | 3 6 7 8 10 13 14 | 14.9
Fighting       | 3 5 |  5.0
Dodging        | 5 |  5.0
Shields        | 4 |  4.0
Armour         | |  2.4

Action                     |  1- 3 |  4- 6 |  7- 9 | 10-12 || total
---------------------------+-------+-------+-------+-------++-------
  Melee: Unarmed           |   106 |   110 |   271 |    69 ||   556
         Bite              |     8 |     9 |    27 |     8 ||    52
 Invoke: Draw Destruction  |       |       |       |     1 ||     1
  Evoke: Wand              |       |       |     5 |       ||     5
    Use: Potion            |     2 |       |     6 |     3 ||    11
         Scroll            |       |       |     4 |       ||     4
   Stab: Paralysed         |       |       |     2 |       ||     2
 Armour: Scale mail        |    48 |    25 |    72 |       ||   145
         Chain mail        |       |       |    17 |    36 ||    53
  Dodge: Dodged            |    34 |    37 |   147 |    43 ||   261
  Block: Buckler           |    22 |    24 |    51 |    19 ||   116

Table legend: (Time is in decaauts)
 A = Elapsed time spent in this place.
 B = Non-inter-level travel time spent in this place.
 C = Inter-level travel time spent in this place.
 D = Time resting spent in this place.
 E = Time spent auto-exploring this place.
 F = Levels seen in this place.
 G = Mean time per level.
                   A        B        C        D        E       F      G
               +--------+--------+--------+--------+--------+-----+--------+
         Total |   7178 |   6741 |    437 |    586 |   4263 |  11 |  652.5 |
       Dungeon |   6643 |   6227 |    416 |    442 |   4094 |   9 |  738.1 |
        Temple |     54 |     33 |     21 |      0 |     28 |   1 |   54.0 |
         Sewer |    480 |    480 |      0 |    143 |    141 |   1 |  480.0 |
               +--------+--------+--------+--------+--------+-----+--------+

Top non-repeatable levels by time:
     D:5: 1489 daAuts
     D:7: 917 daAuts
     D:2: 905 daAuts
     D:8: 904 daAuts
     D:1: 809 daAuts
     D:3: 576 daAuts
     D:6: 576 daAuts
   Sewer: 480 daAuts
     D:4: 461 daAuts
  Temple: 54 daAuts
     D:9: 1 daAuts
